 Dungeon Crawl Stone Soup version 0.21.1-1-g345015f (webtiles) character file.

140 shakethe the Chopper (level 5, -2/41 HPs)
             Began as a Demonspawn Gladiator on Feb 27, 2018.
             Succumbed to Ijyb's poison
             ... on level 3 of the Dungeon.
             The game lasted 00:02:20 (2210 turns).

shakethe the Chopper (Demonspawn Gladiator)         Turns: 2210, Time: 00:02:20

Health: -2/41      AC:  9    Str: 15    XL:     5   Next: 2%
Magic:  5/5        EV: 12    Int: 15    God:
Gold:   82         SH:  0    Dex: 14    Spells: 4/4 levels left

rFire    + + .     SeeInvis .   a - +0 war axe
rCold    + . .     Gourm    +   (no shield)
rNeg     . . .     Faith    .   b - +0 leather armour
rPois    +         Spirit   .   c - +0 helmet
rElec    +         Reflect  .   (no cloak)
rCorr    +         Harm     .   e - +2 pair of gloves
MR       .....                  (no boots)
Stlth    +.........             l - amulet of the gourmand {Gourm, !d}
HPRegen  0.13/turn              (no ring)
MPRegen  0.09/turn              (no ring)

@: brilliant, lethally poisoned (-2 -> -31), resistant
A: hooves 1, iridescent scales 1, fire resistance 1
a: no special abilities


You were on level 3 of the Dungeon.
You were not hungry.

You visited 1 branch of the dungeon, and saw 3 of its levels.

You collected 82 gold pieces.

Inventory:

Hand Weapons
 a - a +0 war axe (weapon)
Missiles
 d - 3 throwing nets {=f, !d}
 j - 85 stones (quivered)
Armour
 b - a +0 leather armour (worn)
 c - a +0 helmet (worn)
 e - a +2 pair of gloves (worn)
   (You found it on level 1 of the Dungeon)
 h - a +0 pair of boots
   (You found it on level 2 of the Dungeon)
Jewellery
 l - an amulet of the gourmand (around neck) {Gourm, !d}
   (You found it on level 2 of the Dungeon)
Scrolls
 g - 2 scrolls of enchant armour {unknown}
 k - 3 scrolls of remove curse {unknown}
 m - a scroll of teleportation {unknown}
 o - 2 scrolls of identify {unknown}
 q - a scroll of amnesia {unknown}
 r - a scroll of enchant weapon {unknown}
Comestibles
 f - 6 rations


   Skills:
 + Level 3.3 Fighting
 * Level 4.5 Axes
 - Level 1.7 Throwing
 - Level 2.6 Dodging


You had 4 spell levels left.
You didn't know any spells.

Dungeon Overview and Level Annotations

Branches:
Dungeon (3/15)

Altars:
Uskayaw

Annotations:
D:3 Ijyb


Innate Abilities, Weirdness & Mutations

You have large cloven feet.
You are partially covered in iridescent scales. (AC +2)
Your flesh is heat resistant. (rF+)


Message History

No target in view!
No target in view!
No target in view!
Done exploring.
No target in view!
No target in view!
No target in view!
No target in view!
No target in view!
No target in view!
No target in view!
No target in view!
Done exploring.
Done exploring.
(D) Dungeon
Where to? (Enter - D:2, ? - help)
There is a stone staircase leading down here.
You climb downwards.
There is a stone staircase leading up here.
f - 6 rations (gained 1)
Found a stone staircase leading up.
No target in view!
No target in view!
No target in view!
No target in view!
You see here a robe.
You see here a robe.
Ijyb the Twisted Goblin comes into view.
She is wielding a dagger of venom.
Ijyb shouts!
Ijyb screams, "No!
No, no, no, no!"
Ijyb drinks a potion.
Ijyb seems to speed up.
Ijyb barely misses you. Ijyb hits you with a dagger of venom.
You are poisoned.
You take 5 damage, and have 36/41 hp.
You hit Ijyb. You kick Ijyb, but do no damage.
You feel sick. Ijyb hits you but does no damage.
You are more poisoned.
Ijyb grins evilly.
Ijyb closely misses you.
You take 1 damage, and have 35/41 hp.
You closely miss Ijyb.
You feel sick. Ijyb hits you with a dagger of venom.
You are more poisoned.
Ijyb closely misses you.
You take 3 damage, and have 32/41 hp.
You completely miss Ijyb. Your kick misses Ijyb.
You feel very sick. Ijyb hits you with a dagger of venom.
You are lethally poisoned!
Ijyb hits you but does no damage.
You take 4 damage, and have 28/41 hp.
You hit Ijyb but do no damage.
You feel very sick. Ijyb barely misses you.
You take 3 damage, and have 25/41 hp.
Unknown command.
You closely miss Ijyb.
You feel sick. Ijyb barely misses you. Ijyb hits you with a dagger of venom.
You are more poisoned.
You take 2 damage, and have 23/41 hp.
You hit Ijyb but do no damage. You kick Ijyb, but do no damage.
You feel very sick.
Ijyb screams, "Get away!"
Ijyb hits you but does no damage.
You are more poisoned.
Ijyb barely misses you.
You take 4 damage, and have 19/41 hp.
It was a potion of resistance.
You feel protected.
You feel very sick. Ijyb hits you but does no damage. x2
You take 3 damage, and have 16/41 hp.
It was a potion of brilliance.
You feel clever all of a sudden.
You feel sick. Ijyb misses you.
You take 2 damage, and have 14/41 hp.
It was a potion of magic.
Magic courses through your body.
* * * LOW HITPOINT WARNING * * *
You feel very sick. Ijyb hits you but does no damage.
You are more poisoned.
Ijyb hits you but does no damage.
You take 3 damage, and have 11/41 hp.
You hit Ijyb. You kick Ijyb.
* * * LOW HITPOINT WARNING * * *
You feel very sick. Ijyb closely misses you. x2
You take 4 damage, and have 7/41 hp.
You closely miss Ijyb.
* * * LOW HITPOINT WARNING * * *
You feel very sick. Ijyb hits you but does no damage.
You take 2 damage, and have 5/41 hp.
You closely miss Ijyb. You kick Ijyb.
* * * LOW HITPOINT WARNING * * *
You feel very sick. Ijyb hits you but does no damage. x2
You take 4 damage, and have 1/41 hp.
You closely miss Ijyb. You kick Ijyb.
You die...

#.# #.#.# ### #.#.#
#.. #.#.# #g##
#.#.# #@## #.#<##
##.#####....######
##...............
#.######...######
#.########[##
#...........######
#.##########......#
## ######.#


You could see Ijyb.

Vanquished Creatures
  A worker ant (D:2)
  A gnoll (D:1)
  6 adders (D:2)
  2 oozes
  3 dart slugs
  2 leopard geckos
  A giant cockroach (D:2)
  3 goblins
  5 hobgoblins
  A ball python (D:2)
  A bat (D:1)
  4 frilled lizards
  6 kobolds
  11 rats
47 creatures vanquished.

Notes
Turn   | Place    | Note
-------+----------+-------------------------------------------
     0 | D:1      | shakethe the Demonspawn Gladiator began the quest for the Orb.
     0 | D:1      | Reached XP level 1. HP: 16/16 MP: 1/1
   227 | D:1      | Reached skill level 3 in Axes
   227 | D:1      | Gained mutation: You have large cloven feet. [demonic ancestry]
   227 | D:1      | Reached XP level 2. HP: 23/23 MP: 2/2
   514 | D:1      | Gained mutation: You are partially covered in iridescent scales. (AC +2) [demonic ancestry]
   514 | D:1      | Reached XP level 3. HP: 28/28 MP: 3/3
   941 | D:2      | Found a hide-covered altar of Uskayaw.
   986 | D:2      | Reached skill level 3 in Fighting
   986 | D:2      | Reached skill level 4 in Axes
   986 | D:2      | Gained mutation: Your flesh is heat resistant. (rF+) [demonic ancestry]
   986 | D:2      | Reached XP level 4. HP: 17/35 MP: 4/4
  1849 | D:2      | Reached XP level 5. HP: 34/41 MP: 5/5
  2194 | D:3      | Noticed Ijyb
  2207 | D:3      | HP: 7/41 [poisoned by Ijyb]
  2209 | D:3      | HP: 1/41 [poisoned by Ijyb]
  2210 | D:3      | Succumbed to Ijyb's poison

Skill      XL: |  1  2  3 |
---------------+----------+-----
Axes           | 3 4 |  4.5
Fighting       | 3 |  3.3
Throwing       | |  1.7
Dodging        | |  2.6

Action                   |  1- 3 |  4- 6 || total
-------------------------+-------+-------++-------
Melee: War axe           |    69 |    89 ||   158
       Kick              |     8 |    10 ||    18
  Use: Potion            |       |     3 ||     3
 Stab: Sleeping          |       |     2 ||     2
  Eat: Chunk             |       |     5 ||     5
Armor: Leather armour    |    18 |    40 ||    58
Dodge: Dodged            |    53 |    66 ||   119

Vault maps used:
D:1:      onia_arrival_pentagram
D:2:      eat_drink_and_be_merry_uskayaw
D:3:      chequers_ecumenical_altar_simple_redux, minmay_misc_feat_rows,
          uniq_ijyb

Table legend:
 A = Turns spent in this place as a percentage of turns spent in the entire game.
 B = Non-inter-level travel turns spent in this place as a percentage of non-inter-level travel turns spent in the entire game.
 C = Inter-level travel turns spent in this place as a percentage of turns spent in this place.
 D = Turns resting spent in this place as a percentage of non-inter-level travel turns spent in this place.
 E = Turns spent auto-exploring this place as a percentage of non-inter-level travel turns spent in this place.
 F = Non-inter-level travel turns spent in this place divided by the number of levels of this place that you've seen.
                   A       B       C       D       E      F
               +-------+-------+-------+-------+-------+----------------------
         Total | 100.0 | 100.0 |   4.3 |  29.1 |  53.1 | 705.3
       Dungeon | 100.0 | 100.0 |   4.3 |  29.1 |  53.1 | 705.3
               +-------+-------+-------+-------+-------+----------------------

Table legend:
 A = Kills in this place as a percentage of kills in entire the game.
 B = Kills by you in this place as a percentage of kills by you in the entire game.
 C = Kills by friends in this place as a percentage of kills by friends in the entire game.
 D = Other kills in this place as a percentage of other kills in the entire game.
 E = Experience gained in this place as a percentage of experience gained in the entire game.
 F = Experience gained in this place divided by the number of levels of this place that you have seen.
                   A       B       C       D       E      F
               +-------+-------+-------+-------+-------+----------------------
         Total | 100.0 | 100.0 |   N/A |   N/A | 100.0 |  66.7
       Dungeon | 100.0 | 100.0 |   N/A |   N/A | 100.0 |  66.7
               +-------+-------+-------+-------+-------+----------------------
